 Dungeon Crawl Stone Soup version 0.20.1-1-g8b1a95d (webtiles) character file.

68 FollowTheCloud the Firebug (level 4, 0/24 HPs)
             Began as a Deep Elf Fire Elementalist on Sept 5, 2017.
             Slain by an adder (4 damage)
             ... on level 2 of the Dungeon.
             The game lasted 00:04:08 (2146 turns).

FollowTheCloud the Firebug (DEFE)                   Turns: 2146, Time: 00:04:10

Health: 0/24       AC:  2    Str:  5    XL:     4   Next: 1%
Magic:  9/12       EV: 13    Int: 21    God:
Gold:   54         SH:  0    Dex: 15    Spells: 2/11 levels left

rFire    . . .     SeeInvis .   p - +2 whip (elec)
rCold    . . .     Gourm    .   (no shield)
rNeg     . . .     Faith    .   a - +0 robe
rPois    .         Spirit   .   (no helmet)
rElec    .         Reflect  .   (no cloak)
rCorr    .         Harm     .   (no gloves)
MR       .....                  (no boots)
Stlth    ++........             (no amulet)
Regen    0.1/turn               (no ring)
MPRegen  0.2/turn               (no ring)

@: lethally poisoned (0 -> -2)
A: no striking features
a: no special abilities


You were on level 2 of the Dungeon.
You were hungry.

You visited 1 branch of the dungeon, and saw 3 of its levels.

You collected 54 gold pieces.

Inventory:

Hand Weapons
 p - a +2 whip of electrocution (weapon)
Armour
 a - a +0 robe (worn)
 i - a +0 buckler
Jewellery
 g - an uncursed ring of flight {unknown}
Scrolls
 d - 3 scrolls of identify {unknown}
 e - a scroll of teleportation {unknown}
 h - a scroll of remove curse {unknown}
 j - a scroll of fog {unknown}
 l - a scroll of enchant armour {unknown}
Potions
 k - a potion of lignification {unknown}
 m - a potion of agility {unknown}
 n - 3 potions of ambrosia {unknown}
 o - a potion of might {unknown}
Books
 b - a book of Flames

   Spells                             Type                      Level
   a - Flame Tongue                   Conjuration/Fire             1
   b - Throw Flame                    Conjuration/Fire             2
   c - Conjure Flame                  Conjuration/Fire             3
   d - Inner Flame                    Hexes/Fire                   3
   e - Sticky Flame                   Conjuration/Fire             4
   f - Fireball                       Conjuration/Fire             5
Comestibles
 c - 2 bread rations
 f - a meat ration


   Skills:
 + Level 2.8 Dodging
 - Level 2.4 Stealth
 + Level 4.0 Spellcasting
 + Level 2.2 Conjurations
 + Level 4.1 Fire Magic


You had 2 spell levels left.
You knew the following spells:

 Your Spells              Type           Power        Failure   Level  Hunger
a - Flame Tongue          Conj/Fire      ###..        3%          1    None
b - Throw Flame           Conj/Fire      ###...       4%          2    #......
c - Inner Flame           Hex/Fire       ##......     16%         3    ###....
d - Conjure Flame         Conj/Fire      ###.....     10%         3    ###....


Dungeon Overview and Level Annotations

Branches:
Dungeon (3/15)

Altars:
Okawaru
Qazlal
The Shining One

Annotations:
D:3 Grinder; Theopeo's ghost, weakling DsGl


Message History

Confirm with . or Enter, or press ? or * to list all spells.
Aiming: Flame Tongue
Press: ? - help, Shift-Dir - straight line, f - adder
Aim: an adder The flame tongue misses the adder.
The adder barely misses you.
Casting: Flame Tongue
Confirm with . or Enter, or press ? or * to list all spells.
Aiming: Flame Tongue
Press: ? - help, Shift-Dir - straight line, f/p - adder
Aim: an adder The flame tongue misses the adder.
The adder closely misses you.
Casting: Flame Tongue
Confirm with . or Enter, or press ? or * to list all spells.
Aiming: Flame Tongue
Press: ? - help, Shift-Dir - straight line, f/p - adder
Aim: an adder The flame tongue hits the adder.
The adder is heavily wounded.
The adder bites you.
You die...

.# #.......# #........#
.# ###...### ####.#####
.######..# #.#
)........# #)#
....###.## ###.#####
....###+## #.......#
.....#...## #.#.###.#
8.........## #.#.###.#
...........#####@...##.#
.._.........##.S..#.##.#
...)....(...+.......##.#
............##.#.......#
####.......###.##.######
##.....## #.#### ##...##
#.# ##'## #.# #.# #.#


You could see an adder.

Vanquished Creatures
  2 adders (D:2)
  3 dart slugs
  An orc (D:3)
  3 giant cockroaches
  3 goblins
  9 hobgoblins
  3 jackals (D:2)
  6 kobolds
  A quokka (D:2)
  4 bats
  3 frilled lizards
  4 rats
42 creatures vanquished.

Notes
Turn   | Place    | Note
-------+----------+-------------------------------------------
     0 | D:1      | FollowTheCloud the Deep Elf Fire Elementalist began the quest for the Orb.
     0 | D:1      | Reached XP level 1. HP: 10/10 MP: 6/6
   185 | D:1      | Reached XP level 2. HP: 15/15 MP: 1/8
   346 | D:1      | Learned a level 2 spell: Throw Flame
   823 | D:2      | Reached XP level 3. HP: 19/19 MP: 1/10
   917 | D:2      | Found a stormy altar of Qazlal.
   919 | D:2      | Noticed an earth elemental
   919 | D:2      | Noticed an air elemental
   920 | D:2      | Noticed a fire elemental
   920 | D:2      | Noticed a water elemental
  1300 | D:2      | Found an iron altar of Okawaru.
  1303 | D:2      | Found a glowing golden altar of the Shining One.
  1978 | D:3      | Noticed Grinder
  1985 | D:2      | Learned a level 3 spell: Inner Flame
  2049 | D:3      | Reached XP level 4. HP: 24/24 MP: 9/12
  2060 | D:3      | Learned a level 3 spell: Conjure Flame
  2128 | D:3      | Noticed Theopeo's ghost (weakling DsGl)
  2146 | D:2      | Slain by an adder

Skill      XL: |  1  2  3 |
---------------+----------+-----
Conjurations   | 2 |  2.2
Fire Magic     | 4 |  4.1
Spellcasting   | 4 |  4.0
Dodging        | |  2.8
Stealth        | |  2.4

Action                   |  1- 3 |  4- 6 || total
-------------------------+-------+-------++-------
Melee: Whip              |     7 |       ||     7
 Cast: Flame Tongue      |    62 |     7 ||    69
       Throw Flame       |     8 |       ||     8
 Stab: Sleeping          |     1 |       ||     1
  Eat: Chunk             |     3 |       ||     3
Armor: Robe              |     6 |     1 ||     7
Dodge: Dodged            |    31 |     7 ||    38
